 Dungeon Crawl Stone Soup version 0.22.1-6-g1668fe2c40 (webtiles) character file.

715 Rediskos the Magician (level 7, -2/51 HPs)
             Began as a Gnoll Wizard on Jan 18, 2019.
             Slain by a yak (10 damage)
             ... on level 5 of the Dungeon.
             The game lasted 00:32:07 (6758 turns).

Rediskos the Magician (Gnoll Wizard)                Turns: 6758, Time: 00:32:07

Health: -2/51      AC: 12    Str:  9    XL:     7   Next: 69%
Magic:  11/18      EV: 15    Int: 22    God:
Gold:   81         SH:  0    Dex: 16    Spells: 10/21 levels left

rFire    . . .     SeeInvis .   a - +3 trident (protect)
rCold    . . .     Gourm    .   (no shield)
rNeg     . . .     Faith    .   f - +0 robe
rPois    .         Spirit   .   A - +0 hat
rElec    .         Reflect  .   q - +0 cloak
rCorr    .         Harm     .   (no gloves)
MR       .....                  y - +1 pair of boots
Stlth    +++.......             (no amulet)
HPRegen  0.17/turn              l - +2 ring of dexterity
MPRegen  0.16/turn              (no ring)

@: protection aura, very slightly contaminated
A: distributed training, fangs 1, strong nose
a: no special abilities


You were on level 5 of the Dungeon.
You were hungry.

You visited 1 branch of the dungeon, and saw 5 of its levels.
You also visited: Sewer.

You collected 179 gold pieces.
You spent 98 gold pieces at shops.

Inventory:

Hand Weapons
 a - a +3 trident of protection (weapon)
 b - a +0 blowgun
 t - a +0 spear
 B - a +0 club
Missiles
 p - 128 stones (quivered)
 C - 5 curare-tipped needles
Armour
 f - a +0 robe (worn)
 j - a +0 leather armour
 q - a +0 cloak (worn)
 y - a +1 pair of boots (worn)
 A - a +0 hat (worn)
Jewellery
 k - an uncursed ring of ice
 l - a +2 ring of dexterity (left hand)
Scrolls
 c - 2 scrolls of enchant weapon
 e - a scroll of amnesia
 g - 2 scrolls of noise
 h - 2 scrolls of enchant armour
 n - 6 scrolls of remove curse
 r - 2 scrolls of teleportation
 s - a scroll of fear {unknown}
 v - 2 scrolls of random uselessness {unknown}
 z - a scroll of immolation {unknown}
 D - a scroll of magic mapping
Potions
 i - 5 potions of brilliance
 m - 9 potions of heal wounds
 o - 3 potions of might
 u - 3 potions of agility {unknown}
 w - 2 potions of haste {unknown}
 x - 7 potions of curing {unknown}
Comestibles
 d - 7 rations
 E - 2 chunks of flesh


   Skills:
 + Level 2.6 Fighting
 + Level 2.6 Short Blades
 + Level 2.6 Long Blades
 + Level 2.6 Axes
 + Level 2.6 Maces & Flails
 + Level 2.6 Polearms
 + Level 2.6 Staves
 + Level 2.6 Slings
 + Level 2.6 Bows
 + Level 2.6 Crossbows
 + Level 2.6 Throwing
 + Level 2.6 Armour
 + Level 5.3 Dodging
 + Level 5.0 Stealth
 + Level 2.6 Shields
 + Level 2.6 Unarmed Combat
 + Level 7.6 Spellcasting
 + Level 3.0 Conjurations
 + Level 2.1 Hexes
 + Level 2.1 Charms
 + Level 3.0 Summonings
 + Level 2.1 Necromancy
 + Level 3.0 Translocations
 + Level 2.1 Transmutations
 + Level 2.1 Fire Magic
 + Level 2.1 Ice Magic
 + Level 2.1 Air Magic
 + Level 2.1 Earth Magic
 + Level 2.1 Poison Magic
 + Level 2.9 Invocations
 + Level 2.6 Evocations


You had 10 spell levels left.
You knew the following spells:

 Your Spells              Type           Power        Failure   Level  Hunger
a - Magic Dart            Conj           ###.         2%          1    None
b - Blink                 Tloc           N/A          3%          2    None
d - Conjure Flame         Conj/Fire      ###.....     8%          3    None
q - Mephitic Cloud        Conj/Pois/Air  ###.....     9%          3    None
s - Call Imp              Summ           ###.....     3%          2    None

Your spell library contained the following spells:

 Spells                   Type           Power        Failure   Level  Hunger
 Slow                     Hex            ###.....     4%          2    None


Dungeon Overview and Level Annotations

Branches:
Dungeon (5/15)
 Temple: D:4-7

Altars:
Elyvilon
Kikubaaqudgha
Uskayaw

Shops:
D:4 *}:?   D:5 *%

Annotations:
D:5 Duvessa, Grinder


Innate Abilities, Weirdness & Mutations

Your experience applies equally to all skills.
You have very sharp teeth.
Your uncanny sense of smell can sniff out nearby items.


Message History

The yak is lightly wounded.
Your crimson imp blinks!
You hit the yak.
The yak is lightly wounded.
The yak misses you.
Your crimson imp hits the yak but does no damage.
The yak misses you. The yak misses your crimson imp.
The yak closely misses you.
Casting: Call Imp (safe; 3% risk of failure)
Confirm with . or Enter, or press ? or * to list all spells.
A metallic apparition takes form in the air.
Your crimson imp hits the yak but does no damage.
The yak gores you! The yak barely misses your crimson imp. The yak gores you!
* * * LOW HITPOINT WARNING * * *
Your crimson imp barely misses the yak.
Your crimson imp blinks!
The yak gores you.
* * * LOW HITPOINT WARNING * * *
The yak gores your crimson imp. The yak gores you!
You die...

###............
.#....5Y........
..#(....∩......#
............# ∆
............#
####...........#
8.8.8.........Y######.#
.⌠.⌠.........FYYY5§.5.#
8.∩.8##.......Y#@######
.⌠WY.###....##.#.#
8.8Y8###...###)#.....#
#..<..##.## #.......#
?..5.(##. ###.....#
#.Z...##.# #######
#...!....# #..{..####
......#


You could see 5 yaks, a bullfrog, a friendly iron imp and 2 friendly crimson
imps.

Vanquished Creatures
  2 ogres
  A big kobold (Sewer)
  A wyvern zombie (D:4)
  Dowan (D:5)
  An orc priest (D:3)
  An orc wizard (D:3)
  A worker ant (D:4)
  A hound skeleton (D:5)
  A gnoll (D:3)
  3 river rats (Sewer)
  An adder (D:3)
  3 worms
  A dart slug (D:2)
  A leopard gecko (D:4)
  2 orcs
  5 ball pythons
  4 giant cockroaches
  6 goblins
  5 hobgoblins
  A jackal (D:2)
  3 quokkas (D:4)
  3 bats
  3 frilled lizards
  5 kobolds (Sewer)
  13 rats
69 creatures vanquished.

Vanquished Creatures (collateral kills)
  An ogre (D:4)
  A big kobold (Sewer)
  2 worker ants (D:4)
  5 gnolls
  3 river rats (Sewer)
  2 adders
  An ooze (Sewer)
  2 worms (D:2)
  A dart slug (D:1)
  A leopard gecko (D:4)
  2 orcs (D:3)
  A goblin (D:2)
  3 hobgoblins
  5 jackals
  A quokka (D:2)
  4 ball pythons (Sewer)
  12 kobolds
  A leopard gecko skeleton (D:5)
  10 rats
58 creatures vanquished.

Grand Total: 127 creatures vanquished

Notes
Turn   | Place    | Note
-------+----------+-------------------------------------------
     0 | D:1      | Rediskos the Gnoll Wizard began the quest for the Orb.
     0 | D:1      | Reached XP level 1. HP: 13/13 MP: 8/8
   245 | D:1      | Reached XP level 2. HP: 19/19 MP: 6/10
   256 | D:1      | Learned a level 2 spell: Blink
   259 | D:1      | Learned a level 2 spell: Call Imp
  1553 | D:2      | Reached XP level 3. HP: 25/25 MP: 2/11
  1695 | D:2      | Reached skill level 1 in Invocations
  1929 | D:2      | Found a white marble altar of Elyvilon.
  1955 | D:2      | Learned a level 3 spell: Conjure Flame
  1959 | D:2      | Learned a level 3 spell: Mephitic Cloud
  2057 | D:2      | Reached skill level 1 in Fighting
  2057 | D:2      | Reached skill level 1 in Short Blades
  2057 | D:2      | Reached skill level 1 in Long Blades
  2057 | D:2      | Reached skill level 1 in Axes
  2057 | D:2      | Reached skill level 1 in Maces & Flails
  2057 | D:2      | Reached skill level 1 in Polearms
  2057 | D:2      | Reached skill level 1 in Staves
  2057 | D:2      | Reached skill level 1 in Slings
  2057 | D:2      | Reached skill level 1 in Bows
  2057 | D:2      | Reached skill level 1 in Crossbows
  2057 | D:2      | Reached skill level 1 in Throwing
  2057 | D:2      | Reached skill level 1 in Armour
  2057 | D:2      | Reached skill level 1 in Shields
  2057 | D:2      | Reached skill level 1 in Unarmed Combat
  2057 | D:2      | Reached skill level 1 in Evocations
  2208 | D:2      | Reached XP level 4. HP: 32/32 MP: 8/13
  2744 | D:3      | Reached skill level 1 in Hexes
  2744 | D:3      | Reached skill level 1 in Charms
  2744 | D:3      | Reached skill level 1 in Necromancy
  2744 | D:3      | Reached skill level 1 in Transmutations
  2744 | D:3      | Reached skill level 1 in Fire Magic
  2744 | D:3      | Reached skill level 1 in Ice Magic
  2744 | D:3      | Reached skill level 1 in Air Magic
  2744 | D:3      | Reached skill level 1 in Earth Magic
  2744 | D:3      | Reached skill level 1 in Poison Magic
  2937 | D:3      | Found a hide-covered altar of Uskayaw.
  3196 | D:3      | Noticed an ogre
  3218 | D:3      | Killed an ogre
  3218 | D:3      | Reached XP level 5. HP: 37/37 MP: 4/14
  3756 | D:3      | Found an ancient bone altar of Kikubaaqudgha.
  3953 | D:3      | Reached XP level 6. HP: 36/44 MP: 8/16
  4215 | D:4      | Found Lath's Magic Scroll Boutique.
  4223 | D:4      | Bought a scroll of magic mapping for 49 gold pieces
  4238 | D:4      | Found a glowing drain.
  4269 | Sewer    | Entered a sewer
  4489 | Sewer    | Reached skill level 5 in Dodging
  5158 | D:4      | Found Taru's Book Boutique.
  5161 | D:4      | Found Woppaenk's Assorted Antiques.
  5167 | D:4      | Reached XP level 7. HP: 50/50 MP: 12/18
  5293 | D:4      | Found Zopsua Haufu's Gadget Emporium.
  5777 | D:4      | Found Woppaenk's Assorted Antiques.
  5931 | D:4      | Found Taru's Book Boutique.
  6003 | D:4      | Found Lath's Magic Scroll Boutique.
  6316 | D:4      | Found Zopsua Haufu's Gadget Emporium.
  6388 | D:5      | Entered Level 5 of the Dungeon
  6388 | D:5      | Found Tiuddent's Food Emporium.
  6433 | D:4      | Bought a scroll of magic mapping for 49 gold pieces
  6459 | D:5      | Found Mumeh's General Store.
  6463 | D:5      | Noticed Duvessa
  6473 | D:5      | Noticed Dowan
  6484 | D:5      | Noticed a yak
  6486 | D:5      | Noticed a yak
  6486 | D:5      | Noticed a yak
  6486 | D:5      | Noticed a yak
  6489 | D:5      | Noticed a yak
  6491 | D:5      | Killed Dowan
  6662 | D:5      | Noticed Grinder
  6725 | D:5      | Reached skill level 5 in Stealth
  6738 | D:5      | Noticed a yak
  6758 | D:5      | Slain by a yak

Skill      XL: |  1  2  3  4  5  6  7 |
---------------+----------------------+-----
Conjurations   | 2 3 |  3.0
Summonings     | 2 3 |  3.0
Translocations | 2 3 |  3.0
Invocations    | 1 2 |  2.9
Fighting       | 1 2 |  2.6
Short Blades   | 1 2 |  2.6
Long Blades    | 1 2 |  2.6
Axes           | 1 2 |  2.6
Maces & Flails | 1 2 |  2.6
Polearms       | 1 2 |  2.6
Staves         | 1 2 |  2.6
Slings         | 1 2 |  2.6
Bows           | 1 2 |  2.6
Crossbows      | 1 2 |  2.6
Throwing       | 1 2 |  2.6
Armour         | 1 2 |  2.6
Shields        | 1 2 |  2.6
Unarmed Combat | 1 2 |  2.6
Evocations     | 1 2 |  2.6
Hexes          | 1 2 |  2.1
Charms         | 1 2 |  2.1
Necromancy     | 1 2 |  2.1
Transmutations | 1 2 |  2.1
Fire Magic     | 1 2 |  2.1
Ice Magic      | 1 2 |  2.1
Air Magic      | 1 2 |  2.1
Earth Magic    | 1 2 |  2.1
Poison Magic   | 1 2 |  2.1
Dodging        | 5 |  5.3
Stealth        | 5 |  5.0
Spellcasting   | |  7.6

Action                   |  1- 3 |  4- 6 |  7- 9 || total
-------------------------+-------+-------+-------++-------
Melee: Spear             |    23 |    59 |       ||    82
       Bite              |       |     3 |     4 ||     7
       Trident           |       |    67 |    29 ||    96
Throw: Stone             |     1 |     5 |     1 ||     7
 Cast: Magic Dart        |    53 |    39 |     2 ||    94
       Call Imp          |    31 |    42 |    19 ||    92
       Conjure Flame     |     1 |     6 |     3 ||    10
       Blink             |       |     3 |     3 ||     6
       Mephitic Cloud    |       |     3 |     4 ||     7
  Use: Scroll            |     1 |     9 |       ||    10
 Stab: Confused          |       |     1 |       ||     1
       Distracted        |       |     4 |       ||     4
       Sleeping          |       |     2 |       ||     2
  Eat: Chunk             |     4 |     8 |     2 ||    14
       Ration            |       |       |     1 ||     1
Armor: Robe              |     2 |    11 |     8 ||    21
Dodge: Dodged            |    21 |    43 |    32 ||    96
